TOP OF THE 1ST |
Great Lakes Loons batting - Pitching for Fort Wayne TinCaps : LHP David French
|
Pitching: LHP David French
|
|
Batting: RHB Jim Rogers
|
0-0: Ball 1-0: Swinging Strike 1-1: Ball 2-1: Ball 3-1: Ground out 3-1 (Groundball, 34, EV 86.9 MPH)
|
Batting: RHB Theo Schepers
|
0-0: Called Strike 0-1: Ground out 6-3 (Groundball, 56, EV 84.4 MPH)
|
Batting: SHB Ken Welch
|
0-0: Ball 1-0: Foul Ball, location: 2F 1-1: Foul Ball, location: 2F 1-2: Foul Ball, location: 2F 1-2: Ground out 3-1 (Groundball, 34D, EV 106.2 MPH)
|
Top of the 1st over - 0 runs, 0 hits, 0 errors, 0 left on base; Great Lakes 0 - Fort Wayne 0 |
BOTTOM OF THE 1ST |
Fort Wayne TinCaps batting - Pitching for Great Lakes Loons : LHP Jonathan Daniels
|
Pitching: LHP Jonathan Daniels
|
|
Batting: SHB Ryohei Nakano
|
0-0: Foul Ball, location: 2F 0-1: Called Strike 0-2: Strikes out looking
|
Batting: RHB Davey Verhoog
|
0-0: Swinging Strike 0-1: Swinging Strike 0-2: Strikes out swinging
|
Batting: RHB Wally Cangro
|
0-0: Foul Ball, location: 2F 0-1: Called Strike 0-2: Ground out 5-3 (Groundball, 5S, EV 75.0 MPH)
|
Bottom of the 1st over - 0 runs, 0 hits, 0 errors, 0 left on base; Great Lakes 0 - Fort Wayne 0 |
TOP OF THE 2ND |
Great Lakes Loons batting - Pitching for Fort Wayne TinCaps : LHP David French
|
Batting: RHB Jerry Sanchez
|
0-0: Ball 1-0: Ball 2-0: Foul Ball, location: 2F 2-1: Foul Ball, location: 2F 2-2: Strikes out looking
|
Batting: RHB Chad Rojas
|
0-0: Called Strike 0-1: Ball 1-1: Ball 2-1: SINGLE (Line Drive, 56D, EV 93.8 MPH)
|
Batting: LHB Mitchell Casey
|
0-0: Ball 1-0: Called Strike 1-1: Ball 2-1: Grounds into double play, 6-4-3 (Groundball, 6M, EV 98.8 MPH)
|
Top of the 2nd over - 0 runs, 1 hit, 0 errors, 0 left on base; Great Lakes 0 - Fort Wayne 0 |
BOTTOM OF THE 2ND |
Fort Wayne TinCaps batting - Pitching for Great Lakes Loons : LHP Jonathan Daniels
|
Batting: SHB Josh Parker
|
0-0: Foul Ball, location: 2F 0-1: Called Strike 0-2: Ball 1-2: Ball 2-2: Foul Ball, location: 2F 2-2: Foul Ball, location: 2F 2-2: Ball 3-2: Foul Ball, location: 2F 3-2: Foul Ball, location: 2F 3-2: Base on Balls
|
Batting: LHB Angel Mejia
|
0-0: Called Strike 0-1: Ball 1-1: Ball 2-1: DOUBLE (Line Drive, 7LS, EV 93.1 MPH) Josh Parker to third
|
Batting: SHB Adam Martin
|
0-0: Ball 1-0: Ball 2-0: Foul Ball, location: 2F 2-1: Swinging Strike 2-2: Ball 3-2: Ground out 3-1 (Groundball, 34S, EV 81.2 MPH) Josh Parker scores Angel Mejia to third
|
Batting: RHB Ron Major
|
0-0: Called Strike 0-1: Called Strike 0-2: Ball 1-2: Ball 2-2: Strikes out swinging
|
Batting: SHB Tim Edelman
|
0-0: Called Strike 0-1: Ball 1-1: Ball 2-1: Foul Ball, location: 2F 2-2: Ball 3-2: Foul Ball, location: 2F 3-2: Foul Ball, location: 2F 3-2: Foul Ball, location: 2F 3-2: Fly out, F3 (Popup, 3SF, EV 83.8 MPH)
|
Bottom of the 2nd over - 1 run, 1 hit, 0 errors, 1 left on base; Great Lakes 0 - Fort Wayne 1 |
TOP OF THE 3RD |
Great Lakes Loons batting - Pitching for Fort Wayne TinCaps : LHP David French
|
Batting: LHB Tore Bosch
|
0-0: Called Strike 0-1: Ball 1-1: Foul Ball, location: 2F 1-2: Foul Ball, location: 2F 1-2: Strikes out looking
|
Batting: RHB Jeremy Beltron
|
0-0: Foul Ball, location: 2F 0-1: Ball 1-1: Foul Ball, location: 2F 1-2: Strikes out looking
|
Batting: RHB Bob Magana
|
0-0: Called Strike 0-1: Ball 1-1: Ball 2-1: Foul Ball, location: 2F 2-2: Ball 3-2: Ground out 5-3 (Groundball, 56, EV 104.4 MPH)
|
Top of the 3rd over - 0 runs, 0 hits, 0 errors, 0 left on base; Great Lakes 0 - Fort Wayne 1 |
BOTTOM OF THE 3RD |
Fort Wayne TinCaps batting - Pitching for Great Lakes Loons : LHP Jonathan Daniels
|
Batting: LHB Phil Lerner
|
0-0: Swinging Strike 0-1: Fly out, F8 (Flyball, 89D, EV 96.2 MPH)
|
Batting: SHB Ryohei Nakano
|
0-0: Called Strike 0-1: Ball 1-1: Fly out, F8 (Line Drive, 8LM, EV 87.5 MPH)
|
Batting: RHB Davey Verhoog
|
0-0: Ball 1-0: Ground out 6-3 (Groundball, 6M, EV 100.6 MPH)
|
Bottom of the 3rd over - 0 runs, 0 hits, 0 errors, 0 left on base; Great Lakes 0 - Fort Wayne 1 |
TOP OF THE 4TH |
Great Lakes Loons batting - Pitching for Fort Wayne TinCaps : LHP David French
|
Batting: RHB Jim Rogers
|
0-0: Called Strike 0-1: Ball 1-1: Foul Ball, location: 2F 1-2: Ground out 5-3 (Groundball, 56S, EV 82.5 MPH)
|
Batting: RHB Theo Schepers
|
0-0: Ball 1-0: Foul Ball, location: 2F 1-1: Foul Ball, location: 2F 1-2: Strikes out swinging
|
Batting: SHB Ken Welch
|
0-0: Ball 1-0: Ball 2-0: Called Strike 2-1: Ball 3-1: Ground out 6-3 (Groundball, 6, EV 111.9 MPH)
|
Top of the 4th over - 0 runs, 0 hits, 0 errors, 0 left on base; Great Lakes 0 - Fort Wayne 1 |
BOTTOM OF THE 4TH |
Fort Wayne TinCaps batting - Pitching for Great Lakes Loons : LHP Jonathan Daniels
|
Batting: RHB Wally Cangro
|
0-0: Called Strike 0-1: Ground out 6-3 (Groundball, 6, EV 97.5 MPH)
|
Batting: SHB Josh Parker
|
0-0: Ball 1-0: Swinging Strike 1-1: Ball 2-1: Ball 3-1: Swinging Strike 3-2: SINGLE (Groundball, 56D, EV 96.9 MPH)
|
Batting: LHB Angel Mejia
|
0-0: Foul Ball, location: 2F 0-1: Ball 1-1: Foul Ball, location: 2F 1-2: Ball 2-2: Strikes out swinging
|
Batting: SHB Adam Martin
|
0-0: Called Strike 0-1: Foul Ball, location: 2F 0-2: Ball 1-2: Foul Ball, location: 2F 1-2: Ball 2-2: 2-RUN HOME RUN (Flyball, 78XD, EV 100.0 MPH), Distance : 388 ft
|
Batting: RHB Ron Major
|
0-0: Called Strike 0-1: Ball 1-1: Fly out, F4 (Popup, 4M, EV 58.8 MPH)
|
Bottom of the 4th over - 2 runs, 2 hits, 0 errors, 0 left on base; Great Lakes 0 - Fort Wayne 3 |
TOP OF THE 5TH |
Great Lakes Loons batting - Pitching for Fort Wayne TinCaps : LHP David French
|
Pitching: RHP Eric Fragoso
|
|
Batting: RHB Jerry Sanchez
|
0-0: Ball 1-0: Fly out, F4 (Popup, 4MD, EV 51.2 MPH)
|
Batting: RHB Chad Rojas
|
0-0: Ball 1-0: Fly out, F7 (Line Drive, 7, EV 93.1 MPH)
|
Batting: LHB Mitchell Casey
|
0-0: Ball 1-0: Called Strike 1-1: Swinging Strike 1-2: Strikes out swinging
|
Top of the 5th over - 0 runs, 0 hits, 0 errors, 0 left on base; Great Lakes 0 - Fort Wayne 3 |
BOTTOM OF THE 5TH |
Fort Wayne TinCaps batting - Pitching for Great Lakes Loons : LHP Jonathan Daniels
|
Batting: SHB Tim Edelman
|
0-0: Ball 1-0: Called Strike 1-1: Foul Ball, location: 2F 1-2: Ground out 5-3 (Groundball, 25, EV 83.8 MPH)
|
Batting: LHB Phil Lerner
|
0-0: Called Strike 0-1: Reached on error, E3 (Groundball, 34, EV 101.9 MPH)
|
Batting: SHB Ryohei Nakano
|
0-0: Ball 1-0: Ball 2-0: Called Strike 2-1: Ball 3-1: Called Strike 3-2: Fielders Choice at 2nd, 4-6 (Groundball, 4, EV 77.5 MPH)
|
Pitching: RHP Lee Durbin
|
|
Batting: RHB Davey Verhoog
|
0-0: Ball 1-0: Ball 2-0: Foul Ball, location: 2F 2-1: Ball 3-1: Called Strike 3-2: Strikes out looking
|
Bottom of the 5th over - 0 runs, 0 hits, 1 error, 1 left on base; Great Lakes 0 - Fort Wayne 3 |
TOP OF THE 6TH |
Great Lakes Loons batting - Pitching for Fort Wayne TinCaps : RHP Eric Fragoso
|
Batting: LHB Tore Bosch
|
0-0: Ball 1-0: Ground out U3 (Groundball, 34, EV 89.4 MPH)
|
Batting: RHB Jeremy Beltron
|
0-0: Called Strike 0-1: Swinging Strike 0-2: Ball 1-2: Ball 2-2: Strikes out swinging
|
Batting: RHB Bob Magana
|
0-0: Called Strike 0-1: SOLO HOME RUN (Line Drive, 78XD, EV 106.2 MPH), Distance : 427 ft
|
Batting: RHB Jim Rogers
|
0-0: Called Strike 0-1: Foul Ball, location: 2F 0-2: Strikes out swinging
|
Top of the 6th over - 1 run, 1 hit, 0 errors, 0 left on base; Great Lakes 1 - Fort Wayne 3 |
BOTTOM OF THE 6TH |
Fort Wayne TinCaps batting - Pitching for Great Lakes Loons : RHP Lee Durbin
|
Batting: RHB Wally Cangro
|
0-0: Ball 1-0: Foul Ball, location: 2F 1-1: Fly out, F8 (Flyball, 89XD, EV 90.0 MPH)
|
Batting: SHB Josh Parker
|
0-0: Foul Ball, location: 2F 0-1: SINGLE (Groundball, 56D, EV 103.1 MPH)
|
Batting: LHB Angel Mejia
|
0-0: Ball 1-0: Ball 2-0: Called Strike 2-1: Swinging Strike 2-2: Foul Ball, location: 2F 2-2: Foul Ball, location: 2F 2-2: Ball 3-2: Foul Ball, location: 2F 3-2: Grounds into double play, 4-6-3 (Groundball, 4, EV 106.9 MPH)
|
Bottom of the 6th over - 0 runs, 1 hit, 0 errors, 0 left on base; Great Lakes 1 - Fort Wayne 3 |
TOP OF THE 7TH |
Great Lakes Loons batting - Pitching for Fort Wayne TinCaps : RHP Eric Fragoso
|
Pitching: RHP Bill Jacobs
|
|
Batting: RHB Theo Schepers
|
0-0: Fly out, F5 (Popup, 5, EV 81.2 MPH)
|
Batting: SHB Ken Welch
|
0-0: Ball 1-0: Foul Ball, location: 2F 1-1: Swinging Strike 1-2: Ball 2-2: SOLO HOME RUN (Line Drive, 9D, EV 107.5 MPH), Distance : 435 ft
|
Batting: RHB Jerry Sanchez
|
0-0: Called Strike 0-1: Ball 1-1: Ball 2-1: Ball 3-1: Base on Balls
|
Batting: RHB Chad Rojas
|
0-0: Called Strike Jerry Sanchez steals 2nd base 0-1: Swinging Strike 0-2: Ball 1-2: Ball 2-2: Strikes out swinging
|
Batting: LHB Mitchell Casey
|
0-0: Ball 1-0: Foul Ball, location: 2F 1-1: Foul Ball, location: 2F 1-2: 2-RUN HOME RUN (Flyball, 9D, EV 96.9 MPH), Distance : 394 ft
|
Pitching: LHP Jose Diaz
|
|
Batting: LHB Tore Bosch
|
0-0: Ball 1-0: SINGLE (Groundball, 4MD, EV 95.6 MPH)
|
Pitching: RHP Juan Magdaleno
|
|
Pinch Runner at 1st Santiago Chavira:
|
|
Batting: RHB Jeremy Beltron
|
0-0: Called Strike 0-1: Ball 1-1: Ball 2-1: Called Strike 2-2: Ball 3-2: Fly out, F9 (Line Drive, 9, EV 86.9 MPH)
|
Top of the 7th over - 3 runs, 3 hits, 0 errors, 1 left on base; Great Lakes 4 - Fort Wayne 3 |
BOTTOM OF THE 7TH |
Fort Wayne TinCaps batting - Pitching for Great Lakes Loons : RHP Lee Durbin
|
Pitching: LHP Bill Esten
|
|
Now at 1B: Danny Roe
|
|
Batting: SHB Adam Martin
|
0-0: Ball 1-0: Called Strike 1-1: Fly out, F7 (Flyball, 7D, EV 91.9 MPH)
|
Batting: RHB Ron Major
|
0-0: Called Strike 0-1: Ball 1-1: Ball 2-1: Hit by Pitch
|
Batting: SHB Tim Edelman
|
0-0: Ball 1-0: Fly out, F6 (Line Drive, 6, EV 68.8 MPH)
|
Pinch Hitting: RHB Tom Tate
|
0-0: Swinging Strike 0-1: Foul Ball, location: 2F 0-2: Ball 1-2: Strikes out swinging
|
Bottom of the 7th over - 0 runs, 0 hits, 0 errors, 1 left on base; Great Lakes 4 - Fort Wayne 3 |
TOP OF THE 8TH |
Great Lakes Loons batting - Pitching for Fort Wayne TinCaps : RHP Juan Magdaleno
|
Now in RF: Tom Tate
|
|
Batting: RHB Bob Magana
|
0-0: Called Strike 0-1: Ball 1-1: Foul Ball, location: 2F 1-2: Ball 2-2: Ground out 5-3 (Groundball, 56, EV 78.1 MPH)
|
Batting: RHB Jim Rogers
|
0-0: Ball 1-0: Foul Ball, location: 2F 1-1: Foul Ball, location: 2F 1-2: Foul Ball, location: 2F 1-2: Foul Ball, location: 2F 1-2: Ground out 6-3 (Groundball, 4MS, EV 87.5 MPH)
|
Batting: RHB Theo Schepers
|
0-0: Foul Ball, location: 2F 0-1: Called Strike 0-2: Ground out 6-3 (Groundball, 6M, EV 111.2 MPH)
|
Top of the 8th over - 0 runs, 0 hits, 0 errors, 0 left on base; Great Lakes 4 - Fort Wayne 3 |
BOTTOM OF THE 8TH |
Fort Wayne TinCaps batting - Pitching for Great Lakes Loons : LHP Bill Esten
|
Pitching: LHP Jake Hall
|
|
Batting: SHB Ryohei Nakano
|
0-0: Ball 1-0: Ball 2-0: Foul Ball, location: 2F 2-1: Called Strike 2-2: Foul Ball, location: 2F 2-2: Fly out, F7 (Line Drive, 7D, EV 93.8 MPH)
|
Batting: RHB Davey Verhoog
|
0-0: Called Strike 0-1: Ball 1-1: Foul Ball, location: 2F 1-2: Fly out, F9 (Flyball, 9LM, EV 95.6 MPH)
|
Batting: RHB Wally Cangro
|
0-0: Ball 1-0: Called Strike 1-1: SINGLE (Groundball, 25, EV 66.2 MPH) (infield hit)
|
Batting: SHB Josh Parker
|
0-0: Ball 1-0: Ball 2-0: Fly out, F7 (Flyball, 7S, EV 92.5 MPH)
|
Bottom of the 8th over - 0 runs, 1 hit, 0 errors, 1 left on base; Great Lakes 4 - Fort Wayne 3 |
TOP OF THE 9TH |
Great Lakes Loons batting - Pitching for Fort Wayne TinCaps : RHP Juan Magdaleno
|
Pitching: RHP Arturo Diaz
|
|
Batting: SHB Ken Welch
|
0-0: Called Strike 0-1: Ball 1-1: Ball 2-1: Swinging Strike 2-2: Ball 3-2: Base on Balls
|
Batting: RHB Jerry Sanchez
|
0-0: Called Strike 0-1: Ball 1-1: Swinging Strike 1-2: Ball 2-2: Strikes out swinging
|
Batting: RHB Chad Rojas
|
0-0: Called Strike 0-1: Ball 1-1: Called Strike 1-2: Ball 2-2: Ball 3-2: Strikes out swinging
|
Batting: LHB Mitchell Casey
|
0-0: Swinging Strike 0-1: Foul Ball, location: 2F 0-2: Ground out 5-3 (Groundball, 56S, EV 81.2 MPH)
|
Top of the 9th over - 0 runs, 0 hits, 0 errors, 1 left on base; Great Lakes 4 - Fort Wayne 3 |
BOTTOM OF THE 9TH |
Fort Wayne TinCaps batting - Pitching for Great Lakes Loons : LHP Jake Hall
|
Pitching: RHP Balinda Msrah
|
|
Batting: LHB Angel Mejia
|
0-0: Ball 1-0: Called Strike 1-1: Ground out U3 (Groundball, 3, EV 101.2 MPH)
|
Batting: SHB Adam Martin
|
0-0: Called Strike 0-1: Ground out U3 (Groundball, 23, EV 90.6 MPH)
|
Pinch Hitting: LHB Rogelio Nunez
|
0-0: Ground out U3 (Groundball, 3L, EV 108.1 MPH)
|
Bottom of the 9th over - 0 runs, 0 hits, 0 errors, 0 left on base; Great Lakes 4 - Fort Wayne 3 |
|